 Dungeon Crawl Stone Soup version 0.22-a0-354-g30dfbe6 (webtiles) character file.

9 Kairos the Shield-Bearer (level 2, 16/16 HPs)
             Began as a Vine Stalker Fighter on Apr 16, 2018.
             Got out of the dungeon alive.
             The game lasted 00:00:27 (356 turns).

Kairos the Shield-Bearer (Vine Stalker Fighter)      Turns: 356, Time: 00:00:28

Health: 16/16      AC:  6    Str: 18    XL:     2   Next: 16%
Magic:  3/3        EV:  7    Int:  8    God:
Gold:   49         SH:  9    Dex: 13    Spells: 1/1 levels left

rFire    . . .     SeeInvis .   a - +0 flail
rCold    . . .     Gourm    .   c - +0 shield
rNeg     . . .     Faith    .   b - +0 scale mail
rPois    .         Spirit   +   (no helmet)
rElec    .         Reflect  .   (no cloak)
rCorr    .         Harm     .   (no gloves)
MR       .....                  (no boots)
Stlth    ..........             (no amulet)
HPRegen  0.05/turn              (no ring)
MPRegen  0.08/turn              (no ring)

@: no status effects
A: fangs 2, magic shield, antimagic bite, no potion heal 3, rot immunity
a: no special abilities


You escaped.
You were not hungry.

You visited 1 branch of the dungeon, and saw 1 of its levels.

You collected 49 gold pieces.

Inventory:

Hand Weapons
 a - a +0 flail (weapon)
Armour
 b - a +0 scale mail (worn)
 c - a +0 shield (worn)
Scrolls
 e - a scroll of remove curse {unknown}
 i - a scroll of magic mapping {unknown}
 k - a scroll of identify {unknown}
Potions
 d - a potion of might
 g - a potion of mutation {unknown}
 h - 2 potions of lignification {unknown}
 j - a potion of magic {unknown}
Comestibles
 f - 2 rations


   Skills:
 + Level 2.8 Fighting
 + Level 1.8 Maces & Flails
 + Level 2.6 Armour
 + Level 2.9 Shields


You had one spell level left.
You didn't know any spells.

Dungeon Overview and Level Annotations

Branches:
Dungeon (1/15)

Altars:
Ashenzari


Innate Abilities, Weirdness & Mutations

You have extremely sharp teeth.
When hurt, damage is shared between your health and your magic reserves.
Your bite disrupts and absorbs the magic of your enemies.
Potions cannot restore your health.
You are immune to rotting.


Message History

You see here a goblin corpse.
Key pressed, stopping explore.
No target in view!
No target in view!
k - a scroll labeled QONOWN GEAGH Key pressed, stopping explore.
No target in view!
No target in view!
Done exploring.
No target in view!
Done exploring.
No target in view!
Done exploring.
No target in view!
Done exploring.
No target in view!
Done exploring.
There is a staircase leading out of the dungeon here.
Are you sure you want to leave the Dungeon?
This will make you lose the game!
You have escaped!

...###.........###.........#
##............## ##........#
####..#.......# #........#
.......÷......## ##........#
.............).###.....÷...#
...##......................#
.........###.........###...#
........## ##.......## ##..#
........# #...@...# #..#
........## ##.......## ##..#
.........###.........###...#
..........................##
..#............###........#
......#.......## ##.......#
.###..........# #.......#
###...........## ##.......#
...............###........#


There were no monsters in sight!

Vanquished Creatures
  2 giant cockroaches (D:1)
  A goblin (D:1)
  A kobold (D:1)
  2 bats (D:1)
  2 frilled lizards (D:1)
  2 rats (D:1)
10 creatures vanquished.

Notes
Turn   | Place    | Note
-------+----------+-------------------------------------------
     0 | D:1      | Kairos the Vine Stalker Fighter began the quest for the Orb.
     0 | D:1      | Reached XP level 1. HP: 11/11 MP: 2/2
   170 | D:1      | Found a shattered altar of Ashenzari.
   184 | D:1      | Reached XP level 2. HP: 16/16 MP: 3/3
   356 | D:$      | Got out of the dungeon alive.

Vault maps used:
D:1:      minmay_arrival_four_circles, st_stairs_13, evilmike_ruin_ashenzari

Action                   || total
-------------------------++-------
Melee: Flail             ||    21
       Bite              ||     3
Armor: Scale mail        ||     8
Dodge: Dodged            ||     9
Block: Shield            ||     9

Table legend:
 A = Spawn XP
 B = Non-spawn XP
 C = Spawn XP percentage of total XP
 D = Spawn monster count
 E = Non-spawn monster count
 F = Spawn count percentage of total count
 G = Total turns spent on level
                    A         B        C        D         E        F      G
               +---------+---------+-------+---------+---------+-------+---------
         Total |       0 |      14 |   0.0 |       0 |      10 |   0.0 |   356
               +---------+---------+-------+---------+---------+-------+---------
           D:1 |       0 |      14 |   0.0 |       0 |      10 |   0.0 |   356
               +---------+---------+-------+---------+---------+-------+---------
